AoeStats
← 戳中之霸 DY能兒

Arena

509849033Analyzed
1v1 RM · 2d ago on Sep 28, 2026· 73m 3s· 2 players
Game mode
Random Map
Map size
Tiny (2 player)
Population
200
Speed
Normal
Resources
Standard
Victory
Conquest
Starting age
Dark Age
Ending age
Imperial Age
RankedLock teamsTeams togetherTeam positionsShared explorationLock speedFull tech treeHidden civsTurbo modeCheats
Victory
Defeat
🇹🇼 Turks · Taiwan
1041
+15
🇫🇷 Burgundians · France
1024
-15
tibusmagnus
5:56 Double-Bit Axe
7:32 Wheelbarrow
10:29 Feudal Age
16:59 Castle Age
15:03 Horse Collar
16:17 Bow Saw
16:24 Heavy Plow
16:41 Gold Mining
22:22 Loom
23:00 Scale Barding Armor
22:42 Cavalier
24:08 Forging
24:29 Husbandry
25:12 Chain Barding Armor
27:35 Iron Casting
29:48 Fletching
30:14 Town Watch
33:17 Bodkin Arrow
43:10 Elite Skirmisher
46:58 Imperial Age
46:00 Light Cavalry
47:05 Paladin
48:39 Gold Shaft Mining
49:23 Chemistry
48:53 Town Watch
49:39 Burgundian Vineyards
52:12 Plate Barding Armor
52:52 Two-Man Saw
56:24 Hussar
57:25 Pikeman
58:06 Squires
59:25 Fortified Wall
59:54 Conscription
60:14 Bracer
61:14 Blast Furnace
60:15 Scale Mail Armor
62:16 Stone Mining
63:05 Padded Archer Armor
66:50 Chain Mail Armor
戳中之霸 DY能兒
11:59 Feudal Age
16:09 Castle Age
14:08 Double-Bit Axe
14:45 Loom
21:26 Imperial Age
19:34 Gold Mining
21:06 Wheelbarrow
21:58 Padded Archer Armor
37:38 Leather Archer Armor
41:02 Hand Cart
40:32 Horse Collar
43:10 Conscription
45:53 Scale Barding Armor
45:50 Husbandry
46:00 Bloodlines
47:05 Bow Saw
47:15 Forging
47:24 Heavy Camel Rider
49:38 Chain Barding Armor
50:17 Artillery
52:06 Ballistics
59:30 Plate Barding Armor
59:26 Ring Archer Armor
61:34 Iron Casting
68:37 Blast Furnace
Connection lost

Rejoining the realm…

Still unreachable

The connection could not be restored.

Session expired

The server has moved on; the page needs a fresh start.